 Dungeon Crawl Stone Soup version 0.21.1-1-g345015f (webtiles) character file.

531 grindst0ne the Conjurer (level 7, -2/36 HPs)
             Began as a Deep Elf Conjurer on Feb 25, 2018.
             Killed from afar by Dowan (19 damage)
             ... with a shard of ice
             ... on level 4 of the Dungeon on Feb 26, 2018.
             The game lasted 00:09:49 (4853 turns).

grindst0ne the Conjurer (Deep Elf Conjurer)         Turns: 4853, Time: 00:09:49

Health: -2/36      AC:  2    Str:  5    XL:     7   Next: 3%
Magic:  1/31       EV: 12    Int: 22    God:
Gold:   247        SH:  0    Dex: 15    Spells: 7/16 levels left

rFire    . . .     SeeInvis .   v - staff of power
rCold    . . .     Gourm    .   (no shield)
rNeg     . . .     Faith    .   a - +0 robe
rPois    .         Spirit   .   (no helmet)
rElec    .         Reflect  .   (no cloak)
rCorr    .         Harm     .   (no gloves)
MR       .....                  (no boots)
Stlth    ++........             (no amulet)
HPRegen  0.12/turn              (no ring)
MPRegen  0.22/turn              (no ring)

@: drained
A: no striking features
a: no special abilities


You were on level 4 of the Dungeon.
You were not hungry.

You visited 2 branches of the dungeon, and saw 6 of its levels.

You collected 247 gold pieces.

Inventory:

Hand Weapons
 z - the +6 mace of Tadiohoi {crush, *Drain rF+ MR+}
   (You found it on level 4 of the Dungeon)

   It inflicts extra damage upon your enemies.
   It protects you from fire.
   It affects your resistance to hostile enchantments.
   It causes draining when unequipped.
Armour
 a - a +0 robe (worn)
 m - a +0 leather armour
Magical Staves
 v - an uncursed staff of power (weapon)
Jewellery
 d - an uncursed amulet of faith {unknown}
 f - an uncursed amulet of the gourmand {unknown}
 j - an uncursed ring of fire {unknown}
 y - an uncursed ring of flight {unknown}
Wands
 w - a wand of flame (22)
Scrolls
 e - a scroll of remove curse {unknown}
 g - 4 scrolls of enchant armour {unknown}
 h - a scroll of magic mapping {unknown}
 i - a scroll of blinking {unknown}
 l - 7 scrolls of identify {unknown}
 r - a scroll of enchant weapon {unknown}
 s - a scroll of noise {unknown}
 t - 3 scrolls of teleportation {unknown}
 u - a scroll of immolation {unknown}
 x - 2 scrolls of fear {unknown}
Potions
 k - a potion of magic {unknown}
 n - 2 potions of haste {unknown}
 o - 3 potions of curing
 p - 3 potions of agility {unknown}
 q - 2 potions of might {unknown}
Books
 b - a book of Conjurations

   Spells                             Type                      Level
   a - Magic Dart                     Conjuration                  1
   b - Searing Ray                    Conjuration                  2
   c - Dazzling Spray                 Conjuration/Hexes            3
   d - Fulminant Prism                Conjuration/Hexes            4
   e - Force Lance                    Conjuration/Translocation    4
   f - Iskenderun's Mystic Blast      Conjuration                  4
Comestibles
 c - 5 rations


   Skills:
 - Level 2.4(1.5) Dodging
 - Level 2.4(1.5) Stealth
 - Level 5.0(4.1) Spellcasting
 * Level 7.6(6.6) Conjurations
 * Level 3.8(2.9) Translocations


You had 7 spell levels left.
You knew the following spells:

 Your Spells              Type           Power        Failure   Level  Hunger
a - Magic Dart            Conj           ####         1%          1    None
b - Iskenderun's Mystic   Conj           ####....     7%          4    ####...
c - Force Lance           Conj/Tloc      ####....     16%         4    ####...


Dungeon Overview and Level Annotations

Branches:
Dungeon (5/15)             Temple (1/1) D:4

Altars:
Ashenzari
Cheibriados
Dithmenos
Elyvilon
Gozag
Hepliaklqana
Kikubaaqudgha
Makhleb
Nemelex Xobeh
Okawaru
Qazlal
Ru
Sif Muna
Trog
Uskayaw
Wu Jian
Xom
Yredelemnul
The Shining One

Annotations:
D:4 Dowan


Message History

Confirm with . or Enter, or press ? or * to list all spells.
Aiming: Magic Dart
Press: ? - help, Shift-Dir - straight line, f/p - Dowan
Aim: Dowan, wielding a dagger and wearing a robe (severely wounded, fast)
The magic dart hits Dowan.
Dowan is severely wounded.
Casting: Magic Dart
Confirm with . or Enter, or press ? or * to list all spells.
Aiming: Magic Dart
Press: ? - help, Shift-Dir - straight line, f/p - Dowan
Aim: Dowan, wielding a dagger and wearing a robe (severely wounded, fast)
The magic dart hits Dowan.
Dowan is almost dead.
Dowan hits you but does no damage.
Dowan gestures wildly while chanting.
Dowan blinks!
Dowan casts a spell at you. The shard of ice hits you!
Ouch! That really hurt!
You die...

##### #.#.# #...#
####################.#.#
#.>.......e...@........#
#.##################..รท#
#.#......# #...#
###.#.####.# #...#
.<......##.# #...#
###.#.#.##.# #...########
#.#.#.##.### #...#.......
#.#.#.##.#.# #...#.######
#........#.# #...#.#


You could see Dowan.

Vanquished Creatures
  Duvessa (D:5)
  A bullfrog (D:4)
  A crimson imp (D:4)
  2 orc wizards (D:5)
  Terence (D:3)
  An iguana (D:4)
  2 worker ants (D:4)
  9 adders
  2 oozes
  An adder zombie (D:2)
  2 worms
  A leopard gecko (D:3)
  2 orcs (D:3)
  3 giant cockroaches
  13 goblins
  7 hobgoblins
  4 jackals (D:4)
  7 kobolds
  2 quokkas
  8 bats
  7 frilled lizards
  A leopard gecko skeleton (D:5)
  4 rats
82 creatures vanquished.

Notes
Turn   | Place    | Note
-------+----------+-------------------------------------------
     0 | D:1      | grindst0ne the Deep Elf Conjurer began the quest for the Orb.
     0 | D:1      | Reached XP level 1. HP: 10/10 MP: 6/6
   440 | D:1      | Reached XP level 2. HP: 15/15 MP: 0/8
  1003 | D:2      | Reached skill level 5 in Conjurations
  1176 | D:2      | Reached XP level 3. HP: 19/19 MP: 7/10
  1328 | D:2      | Found a faded altar of an unknown god.
  1599 | D:2      | Found a sparkling altar of Nemelex Xobeh.
  1673 | D:2      | Reached XP level 4. HP: 24/24 MP: 9/12
  2229 | D:3      | Noticed Terence
  2237 | D:3      | Killed Terence
  2237 | D:3      | Reached skill level 6 in Conjurations
  2525 | D:3      | Reached XP level 5. HP: 28/28 MP: 14/14
  3215 | D:4      | Learned a level 4 spell: Iskenderun's Mystic Blast
  3220 | D:4      | Learned a level 4 spell: Force Lance
  3333 | D:4      | Reached skill level 5 in Spellcasting
  3333 | D:4      | Reached skill level 1 in Translocations
  3517 | D:4      | Found a staircase to the Ecumenical Temple.
  3522 | Temple   | Entered the Ecumenical Temple
  3933 | D:4      | Reached skill level 7 in Conjurations
  3933 | D:4      | Reached XP level 6. HP: 11/32 MP: 15/15
  4550 | D:4      | Got a smoking mace
  4551 | D:4      | Identified the +6 mace of Tadiohoi {crush, *Drain rF+ MR+} (You found it on level 4 of the Dungeon)
  4786 | D:5      | Entered Level 5 of the Dungeon
  4804 | D:5      | Noticed Duvessa
  4804 | D:5      | Noticed Dowan
  4830 | D:5      | Killed Duvessa
  4832 | D:5      | Reached XP level 7. HP: 18/36 MP: 0/16
  4853 | D:4      | Killed from afar by Dowan

Skill      XL: |  1  2  3  4  5  6 |
---------------+-------------------+-----
Conjurations   | 5 6 7 |  7.6
Spellcasting   | 4 5 |  5.0
Translocations | 2 3 |  3.8
Dodging        | |  2.4
Stealth        | |  2.4

Action                   |  1- 3 |  4- 6 |  7- 9 || total
-------------------------+-------+-------+-------++-------
Melee: Staff             |       |     8 |       ||     8
 Cast: Magic Dart        |    73 |   107 |     5 ||   185
       Force Lance       |       |     8 |       ||     8
       Iskenderun's Myst |       |     6 |       ||     6
  Use: Potion            |       |     1 |       ||     1
  Eat: Chunk             |     2 |     6 |       ||     8
       Ration            |       |     2 |       ||     2
Armor: Robe              |     6 |     6 |     2 ||    14
Dodge: Dodged            |    13 |    24 |     2 ||    39
